Map: Blackburn LE

Players

Ermac

  • Race: Protoss Protoss
  • Spawn Location: 7:00

DLCForcesTTV - Winner!

  • Race: Terran Terran
  • Spawn Location: 5:00

VOD

Have the link to the VOD?

Description

Time

  • Played on: July 17, 2022, 5:53 a.m.
  • Length: 13:45
Show
View Real Time Build Order
Export as new Build Order

Ermac Protoss 

Build Orders: Carriers 

Get SALT Encoding   

  12  0:01  Probe  
  13  0:13  Probe  
  14  0:26  Pylon  
  14  0:40  Probe, Assimilator  
  15  0:47  Gateway  
  15  0:55  Forge  
  15  1:04  Probe  
  16  1:15  Pylon  
  16  1:16  Probe  
  17  1:28  Probe  
  18  1:35  Zealot  
  20  1:40  Probe  
  21  1:47  Assimilator  
  21  2:02  Probe, Zealot  
  24  2:13  Photon Cannon  
  24  2:24  Photon Cannon  
  24  2:29  Zealot  
  26  2:39  Cybernetics Core  
  26  2:44  Protoss Shields Level 1  
  26  2:53  Probe  
  26  2:56  Zealot  
  30  3:05  Probe  
  30  3:17  Probe  
  31  3:39  Stargate  
  31  3:46  Pylon  
  31  4:04  Stalker, Probe  
  34  4:12  Pylon  
  34  4:14  Pylon  
  34  4:17  Pylon  
  34  4:19  Pylon  
  34  4:23  Pylon  
  34  4:27  Pylon  
  34  4:34  Stalker  
  34  4:36  Nexus  
  36  4:56  Fleet Beacon  
  36  5:07  Stargate  
  36  5:13  Sentry  
  38  5:29  Assimilator  
  38  5:32  Assimilator  
  38  5:53  Protoss Air Weapons Level 1  
  38  6:01  Probe  
  38  6:13  Probe  
  38  6:15  Carrier  
  45  6:25  Probe  
  46  6:37  Probe (Chrono Boost)  
  48  6:48  Probe (Chrono Boost)  
  48  6:53  Probe (Chrono Boost)  
  49  7:03  Probe  
  50  7:15  Probe  
  50  7:19  Carrier  
  55  7:35  Probe  
  56  7:41  Carrier  
  62  7:47  Probe  
  63  7:59  Probe  
  64  8:11  Probe (Chrono Boost)  
  65  8:22  Probe (Chrono Boost)  
  65  8:23  Carrier  
  65  8:26  Probe (Chrono Boost)  
  67  8:38  Probe  
  68  8:46  Carrier  
  74  9:00  Protoss Air Armor Level 1 (Chrono Boost)  
  74  9:13  Pylon  
  74  9:14  Pylon  
  74  9:17  Pylon  
  74  9:19  Pylon  
  74  9:22  Pylon  
  74  9:24  Pylon  
  74  9:26  Pylon  
  74  9:27  Carrier  
  74  9:29  Pylon  
  80  9:31  Pylon  
  80  9:50  Carrier  
  69  10:18  Stalker (Chrono Boost)  
  67  10:45  Stalker (Chrono Boost)  
  75  11:08  Zealot  
  43  11:40  Nexus  
  41  11:48  Stalker  
  43  12:18  Stalker  
  19  12:48  Stalker  
  19  13:05  Pylon  
  19  13:06  Probe  
  19  13:07  Pylon  
  20  13:18  Probe  
  21  13:27  Gateway  
  19  13:30  Probe  
  20  13:37  Forge  
Show
View Real Time Build Order
Export as new Build Order

DLCForcesTTV Terran - Winner!

Build Orders: Reaper Expand 

Get SALT Encoding   

  12  0:01  SCV  
  13  0:16  Supply Depot  
  13  0:17  SCV  
  14  0:29  SCV  
  15  0:39  Barracks  
  15  0:44  SCV  
  16  0:54  Refinery  
  16  0:57  SCV  
  17  1:07  Supply Depot  
  17  1:10  SCV  
  18  1:23  SCV  
  19  1:40  Command Center  
  19  1:45  Reaper  
  20  1:53  Supply Depot, SCV  
  21  2:08  Orbital Command  
  21  2:19  Engineering Bay  
  21  2:34  SCV  
  21  2:37  Refinery  
  22  2:54  SCV  
  23  3:00  Factory  
  23  3:01  Terran Infantry Weapons Level 1  
  23  3:09  SCV  
  23  3:10  Barracks Tech Lab  
  23  3:18  SCV  
  24  3:22  SCV  
  25  3:30  SCV  
  25  3:32  Missile Turret  
  26  3:37  Missile Turret, SCV  
  29  3:44  Combat Shield  
  29  3:45  Marine  
  28  3:51  Factory Tech Lab  
  28  3:57  Starport  
  28  3:59  SCV  
  29  4:03  Marine  
  29  4:06  Supply Depot  
  30  4:11  SCV  
  30  4:14  SCV  
  32  4:22  Sensor Tower  
  32  4:26  SCV  
  32  4:29  Supply Depot  
  33  4:36  Marine, Barracks  
  34  4:40  Medivac  
  36  4:53  SCV x2  
  36  4:54  Marine  
  36  4:55  Refinery  
  39  5:03  Stimpack  
  39  5:05  SCV  
  40  5:10  Medivac  
  42  5:17  Marine  
  43  5:29  Terran Infantry Armor Level 1  
  43  5:32  SCV  
  43  5:35  Marine  
  45  5:49  Barracks Reactor  
  45  5:53  Marine  
  45  5:57  Command Center  
  46  6:11  Marine  
  46  6:28  Marine  
  46  6:29  Starport Reactor  
  47  6:40  Armory  
  47  6:46  Marine  
  48  6:56  Marine x2  
  50  7:04  Marine  
  51  7:14  Marine x2  
  53  7:22  Marine  
  54  7:29  Viking x2  
  58  7:31  Marine  
  58  7:32  Marine  
  60  7:40  Marine  
  61  7:49  Marine  
  61  7:50  Marine  
  63  7:56  Barracks  
  63  7:57  Marine  
  64  7:59  Viking  
  66  8:07  Marine  
  66  8:08  Marine  
  68  8:15  Marine  
  66  8:25  Marine x2  
  64  8:33  Marine  
  53  8:42  Viking x2  
  53  8:43  Marine x2  
  53  8:44  Terran Infantry Weapons Level 2  
  53  8:45  Barracks  
  59  8:49  Orbital Command  
  59  8:51  Marine  
  60  8:58  Terran Vehicle Weapons Level 1  
  60  9:01  Marine x2  
  60  9:02  Barracks Reactor  
  62  9:09  Marine  
  63  9:12  Viking x2  
  67  9:18  Marine  
  67  9:19  Marine  
  67  9:22  SCV x2  
  71  9:26  Marine  
  72  9:34  SCV x2, Barracks  
  72  9:36  Marine  
  72  9:37  Marine  
  72  9:38  Marine x2  
  78  9:42  Viking x2  
  78  9:44  Marine  
  83  9:54  Marine x2  
  85  10:02  Marine  
  86  10:08  Marine  
  86  10:09  Marine  
  86  10:12  Marine x2, Viking x2  
  94  10:20  Marine  
  94  10:21  Barracks Reactor  
  95  10:24  Barracks Reactor  
  97  10:30  Marine  
  97  10:38  Marine  
  97  10:42  Viking x2  
  97  10:56  Marine  
  94  11:00  Terran Infantry Armor Level 2  
  90  11:13  Marine  
  87  11:27  Barracks  
  87  11:31  Marine  
  88  11:34  Viking  
  88  11:35  Viking  
  92  11:49  Marine  
  92  11:50  Barracks  
  92  11:51  Barracks  
  92  11:54  Refinery  
  93  12:04  Viking  
  93  12:05  Viking  
  93  12:07  Marine  
  88  12:17  Barracks  
  88  12:25  Marine  
  86  12:34  Viking x2  
  89  12:45  Barracks Reactor  
  89  12:46  Marine  
  89  12:47  Marine  
  91  13:04  Marine, Viking x2  
  91  13:05  Marine, Barracks  
  95  13:22  Marine  
  95  13:23  Marine  
Tags
 
Composition
Carriers
Matchup
PvT
Spawn Locations
Close Positions
Add a new tag
Caveats
  • Supply blocks, unpowered buildings, or Contaminate may cause inaccurate times.
  • Supply counts are checked every 10 seconds.